MLB
CLEVELAND INDIANS @ DETROIT TIGERS
07/16/2045
 
TOP OF THE 1ST
Cleveland Indians batting - Pitching for Detroit Tigers : RHP Ryan Sobocinski
Pitching: RHP Ryan Sobocinski
Batting: RHB Ji-an Li 0-0: Called Strike
0-1: Ball
1-1: Ball
2-1: Swinging Strike
2-2: Strikes out looking
Batting: LHB Danny Dunham 0-0: Called Strike
0-1: Ball
1-1: Swinging Strike
1-2: Foul Ball, location: 2F
1-2: Ball
2-2: Ground out 6-3 (Groundball, 6, EV 81.2 MPH)
Batting: SHB Moe Lester 0-0: Ground out 4-3 (Groundball, 4, EV 108.8 MPH)
Top of the 1st over - 0 runs, 0 hits, 0 errors, 0 left on base; Cleveland 0 - Detroit 0
BOTTOM OF THE 1ST
Detroit Tigers batting - Pitching for Cleveland Indians : RHP Apostolos Tsatsos
Pitching: RHP Apostolos Tsatsos
Batting: RHB Greg Harman 0-0: Foul Ball, location: 2F
0-1: Ball
1-1: Foul Ball, location: 2F
1-2: Strikes out swinging
Batting: RHB Victor Quinones 0-0: Ball
1-0: DOUBLE (Flyball, 7LD, EV 98.1 MPH)
Batting: RHB Randy Shrewsbury 0-0: Foul Ball, location: 2F
0-1: Called Strike
0-2: Ground out 3-1 (Groundball, 34, EV 112.5 MPH)
Victor Quinones to third
Batting: SHB Phil Zacharia 0-0: Called Strike
0-1: Foul Ball, location: 2F
0-2: Ball
1-2: Ball
2-2: Ball
3-2: Fly out, F9 (Flyball, 9, EV 90.6 MPH)
Bottom of the 1st over - 0 runs, 1 hit, 0 errors, 1 left on base; Cleveland 0 - Detroit 0
TOP OF THE 2ND
Cleveland Indians batting - Pitching for Detroit Tigers : RHP Ryan Sobocinski
Batting: RHB Hiroshige Yamada 0-0: Ground out 5-3 (Groundball, 5S, EV 84.4 MPH)
Batting: RHB Shigem Kubo 0-0: Foul Ball, location: 2F
0-1: Ball
1-1: Foul Ball, location: 2F
1-2: Strikes out swinging
Batting: LHB Stu Sornson 0-0: Foul Ball, location: 2F
0-1: Foul Ball, location: 2F
0-2: Ball
1-2: SOLO HOME RUN (Flyball, 9D, EV 93.1 MPH), Distance : 365 ft
Batting: LHB Jeff Taylor 0-0: Called Strike
0-1: Swinging Strike
0-2: Ball
1-2: Strikes out looking
Top of the 2nd over - 1 run, 1 hit, 0 errors, 0 left on base; Cleveland 1 - Detroit 0
BOTTOM OF THE 2ND
Detroit Tigers batting - Pitching for Cleveland Indians : RHP Apostolos Tsatsos
Batting: LHB Morgan Black 0-0: Ground out 1-3 (Groundball, 13S, EV 72.5 MPH)
Batting: RHB Ryan Neal 0-0: Ball
1-0: Foul Ball, location: 2F
1-1: Swinging Strike
1-2: Ground out 4-3 (Groundball, 4, EV 103.1 MPH)
Batting: LHB Emmanuel Gaskin 0-0: Ball
1-0: Called Strike
1-1: Called Strike
1-2: Fly out, F3 (Flyball, 3D, EV 94.4 MPH)
Bottom of the 2nd over - 0 runs, 0 hits, 0 errors, 0 left on base; Cleveland 1 - Detroit 0
TOP OF THE 3RD
Cleveland Indians batting - Pitching for Detroit Tigers : RHP Ryan Sobocinski
Batting: RHB Jesus Galvan 0-0: Ball
1-0: Called Strike
1-1: Called Strike
1-2: Ball
2-2: Strikes out swinging
Batting: RHB Drtian Thaqi 0-0: Called Strike
0-1: Called Strike
0-2: Strikes out swinging
Batting: RHB Ji-an Li 0-0: Called Strike
0-1: Swinging Strike
0-2: Ground out 6-3 (Groundball, 6S, EV 84.4 MPH)
Top of the 3rd over - 0 runs, 0 hits, 0 errors, 0 left on base; Cleveland 1 - Detroit 0
BOTTOM OF THE 3RD
Detroit Tigers batting - Pitching for Cleveland Indians : RHP Apostolos Tsatsos
Batting: RHB Luke Feeney 0-0: SINGLE (Groundball, 6MD, EV 95.0 MPH)
Batting: RHB Brady Jeleniewski 0-0: SINGLE (Groundball, 6MS, EV 83.1 MPH) (infield hit)
Luke Feeney to second
Batting: RHB Greg Harman 0-0: Ball
1-0: Ball
2-0: Ball
3-0: Base on Balls
Luke Feeney to third
Brady Jeleniewski to second
Batting: RHB Victor Quinones 0-0: Grounds into double play, 5-4-3 (Groundball, 5, EV 79.4 MPH)
Luke Feeney scores
Brady Jeleniewski to third
Batting: RHB Randy Shrewsbury 0-0: Ball
1-0: Ball
2-0: Foul Ball, location: 2F
2-1: Fly out, F8 (Flyball, 8RXD, EV 103.8 MPH)
Bottom of the 3rd over - 1 run, 2 hits, 0 errors, 1 left on base; Cleveland 1 - Detroit 1
TOP OF THE 4TH
Cleveland Indians batting - Pitching for Detroit Tigers : RHP Ryan Sobocinski
Batting: LHB Danny Dunham 0-0: Ball
1-0: Foul Ball, location: 2F
1-1: Called Strike
1-2: Foul Ball, location: 2F
1-2: Foul Ball, location: 2F
1-2: Ball
2-2: Fly out, F9 (Flyball, 9, EV 97.5 MPH)
Batting: SHB Moe Lester 0-0: Ball
1-0: Foul Ball, location: 2F
1-1: Foul Ball, location: 2F
1-2: Strikes out swinging
Batting: RHB Hiroshige Yamada 0-0: Ball
1-0: Foul Ball, location: 2F
1-1: Swinging Strike
1-2: Ball
2-2: Fly out, F8 (Line Drive, 8LD, EV 93.8 MPH)
Top of the 4th over - 0 runs, 0 hits, 0 errors, 0 left on base; Cleveland 1 - Detroit 1
BOTTOM OF THE 4TH
Detroit Tigers batting - Pitching for Cleveland Indians : RHP Apostolos Tsatsos
Batting: SHB Phil Zacharia 0-0: Called Strike
0-1: Ball
1-1: Ball
2-1: SOLO HOME RUN (Flyball, 9LD, EV 93.8 MPH), Distance : 342 ft
Batting: LHB Morgan Black 0-0: Ball
1-0: Called Strike
1-1: Ball
2-1: Ball
3-1: Called Strike
3-2: Fly out, F8 (Line Drive, 8LD, EV 93.8 MPH)
Batting: RHB Ryan Neal 0-0: Foul Ball, location: 2F
0-1: Ball
1-1: Ball
2-1: SINGLE (Line Drive, 89S, EV 110.6 MPH)
Batting: LHB Emmanuel Gaskin 0-0: Ball
1-0: Swinging Strike
1-1: Ball
2-1: Foul Ball, location: 2F
2-2: Foul Ball, location: 2F
2-2: Ball
Ryan Neal steals 2nd base
3-2: Foul Ball, location: 2F
3-2: Base on Balls
Batting: RHB Luke Feeney 0-0: Fielders Choice at 2nd, 1-6 (Groundball, 13S, EV 65.6 MPH)
Ryan Neal to third
Batting: RHB Brady Jeleniewski 0-0: Called Strike
0-1: Swinging Strike
0-2: Fly out, F9 (Flyball, 89M, EV 92.5 MPH)
Bottom of the 4th over - 1 run, 2 hits, 0 errors, 2 left on base; Cleveland 1 - Detroit 2
TOP OF THE 5TH
Cleveland Indians batting - Pitching for Detroit Tigers : RHP Ryan Sobocinski
Batting: RHB Shigem Kubo 0-0: Called Strike
0-1: Called Strike
0-2: Ball
1-2: Fly out, F5 (Line Drive, 5, EV 65.0 MPH)
DELAY Rain delay of 52 minutes in the 5th inning.
Batting: LHB Stu Sornson 0-0: Called Strike
0-1: Fly out, F6 (Popup, 6M, EV 60.6 MPH)
Batting: LHB Jeff Taylor 0-0: Called Strike
0-1: Swinging Strike
0-2: Ball
1-2: Ball
2-2: Foul Ball, location: 2F
2-2: Strikes out looking
Top of the 5th over - 0 runs, 0 hits, 0 errors, 0 left on base; Cleveland 1 - Detroit 2
BOTTOM OF THE 5TH
Detroit Tigers batting - Pitching for Cleveland Indians : RHP Apostolos Tsatsos
Batting: RHB Greg Harman 0-0: Ball
1-0: Ball
2-0: Swinging Strike
2-1: Called Strike
2-2: Ball
3-2: Foul Ball, location: 2F
3-2: SOLO HOME RUN (Line Drive, 7D, EV 100.0 MPH), Distance : 394 ft
Batting: RHB Victor Quinones 0-0: Called Strike
0-1: Foul Ball, location: 2F
0-2: SINGLE (Line Drive, 78M, EV 95.0 MPH)
Batting: RHB Randy Shrewsbury 0-0: Called Strike
0-1: Ball
1-1: Swinging Strike
1-2: Ball
Victor Quinones is caught stealing 2nd base 2-4
2-2: Ground out 6-3 (Groundball, 6, EV 85.0 MPH)
Batting: SHB Phil Zacharia 0-0: Ball
1-0: Ball
2-0: Swinging Strike
2-1: Ball
3-1: Base on Balls
Pitching: RHP Josh Holloway
Batting: LHB Morgan Black 0-0: Ball
1-0: Called Strike
1-1: Ball
2-1: Ball
3-1: Foul Ball, location: 2F
3-2: Foul Ball, location: 2F
3-2: Ground out 4-3 (Groundball, 34D, EV 107.5 MPH)
Bottom of the 5th over - 1 run, 2 hits, 0 errors, 1 left on base; Cleveland 1 - Detroit 3
TOP OF THE 6TH
Cleveland Indians batting - Pitching for Detroit Tigers : RHP Ryan Sobocinski
Batting: RHB Jesus Galvan 0-0: Foul Ball, location: 2F
0-1: Ball
1-1: Foul Ball, location: 2F
1-2: Ball
2-2: Ball
3-2: DOUBLE (Line Drive, 9D, EV 94.4 MPH)
Batting: RHB Drtian Thaqi 0-0: Called Strike
0-1: Sac Bunt to 3S - play at first, batter OUT! 3-4
Jesus Galvan to third
Batting: RHB Ji-an Li 0-0: Foul Ball, location: 2F
0-1: DOUBLE (Groundball, 5L, EV 97.5 MPH)
Jesus Galvan scores
Batting: LHB Danny Dunham 0-0: Foul Ball, location: 2F
0-1: Ball
1-1: Ground out 5-3 (Groundball, 5, EV 106.2 MPH)
Pitching: RHP Josh Wollaston
Batting: SHB Moe Lester 0-0: Ball
1-0: Foul Ball, location: 2F
1-1: DOUBLE (Line Drive, 3D, EV 110.0 MPH)
Ji-an Li scores
Batting: RHB Hiroshige Yamada 0-0: Ball
1-0: Ball
2-0: Foul Ball, location: 2F
2-1: Fly out, F8 (Flyball, 8LD, EV 96.2 MPH)
Top of the 6th over - 2 runs, 3 hits, 0 errors, 1 left on base; Cleveland 3 - Detroit 3
BOTTOM OF THE 6TH
Detroit Tigers batting - Pitching for Cleveland Indians : RHP Josh Holloway
Batting: RHB Ryan Neal 0-0: Ball
1-0: Ball
2-0: Foul Ball, location: 2F
2-1: Ground out 1-3 (Groundball, 13S, EV 70.6 MPH)
Batting: LHB Emmanuel Gaskin 0-0: Called Strike
0-1: Ball
1-1: Ball
2-1: Foul Ball, location: 2F
2-2: Strikes out looking
Batting: RHB Luke Feeney 0-0: Ball
1-0: Ball
2-0: Foul Ball, location: 2F
2-1: Ground out 6-3 (Groundball, 6, EV 96.9 MPH)
Bottom of the 6th over - 0 runs, 0 hits, 0 errors, 0 left on base; Cleveland 3 - Detroit 3
TOP OF THE 7TH
Cleveland Indians batting - Pitching for Detroit Tigers : RHP Josh Wollaston
Batting: RHB Shigem Kubo 0-0: Called Strike
0-1: Ball
1-1: Ground out 6-3 (Groundball, 6, EV 87.5 MPH)
Batting: LHB Stu Sornson 0-0: Ball
1-0: Foul Ball, location: 2F
1-1: Hit by Pitch
Batting: LHB Jeff Taylor 0-0: Called Strike
0-1: Ball
1-1: Ball
2-1: Swinging Strike
2-2: Fielders Choice at 2nd, 4-6 (Groundball, 4, EV 90.0 MPH)
Batting: RHB Jesus Galvan 0-0: Called Strike
0-1: Foul Ball, location: 2F
0-2: Hit by Pitch
Jeff Taylor to second
Batting: RHB Drtian Thaqi 0-0: Called Strike
0-1: Fly out, F7 (Line Drive, 7, EV 104.4 MPH)
Top of the 7th over - 0 runs, 0 hits, 0 errors, 2 left on base; Cleveland 3 - Detroit 3
BOTTOM OF THE 7TH
Detroit Tigers batting - Pitching for Cleveland Indians : RHP Josh Holloway
Pitching: RHP Chris Anderson
Batting: RHB Brady Jeleniewski 0-0: Swinging Strike
0-1: Swinging Strike
0-2: Strikes out looking
Batting: RHB Greg Harman 0-0: Ball
1-0: Called Strike
1-1: Ball
2-1: Foul Ball, location: 2F
2-2: Ground out 5-3 (Groundball, 25, EV 83.1 MPH)
Batting: RHB Victor Quinones 0-0: Ball
1-0: Swinging Strike
1-1: Foul Ball, location: 2F
1-2: Ground out 5-3 (Groundball, 5, EV 78.1 MPH)
Bottom of the 7th over - 0 runs, 0 hits, 0 errors, 0 left on base; Cleveland 3 - Detroit 3
TOP OF THE 8TH
Cleveland Indians batting - Pitching for Detroit Tigers : RHP Josh Wollaston
Batting: RHB Ji-an Li 0-0: Called Strike
0-1: Ball
1-1: Called Strike
1-2: Strikes out swinging
Batting: LHB Danny Dunham 0-0: Ball
1-0: DOUBLE (Line Drive, 78D, EV 104.4 MPH)
Batting: SHB Moe Lester 0-0: Intentional Walk
Pinch Runner at 2nd Arvin Dungca:
Batting: RHB Hiroshige Yamada 0-0: Ball
1-0: Called Strike
1-1: Foul Ball, location: 2F
1-2: Strikes out swinging
Batting: RHB Shigem Kubo 0-0: SINGLE (Groundball, 34D, EV 95.6 MPH)
Arvin Dungca to third
Moe Lester to second
Runner from 3rd tries for Home, SAFE, throw by RF to home
Moe Lester to third
Shigem Kubo to second
Batting: LHB Stu Sornson 0-0: Called Strike
0-1: Foul Ball, location: 2F
0-2: Ball
1-2: Ball
2-2: Foul Ball, location: 2F
2-2: Strikes out looking
Top of the 8th over - 1 run, 2 hits, 0 errors, 2 left on base; Cleveland 4 - Detroit 3
BOTTOM OF THE 8TH
Detroit Tigers batting - Pitching for Cleveland Indians : RHP Chris Anderson
Now at 1B: Arvin Dungca
Batting: RHB Randy Shrewsbury 0-0: Foul Ball, location: 2F
0-1: Ground out 6-3 (Groundball, 56, EV 81.9 MPH)
Batting: SHB Phil Zacharia 0-0: SOLO HOME RUN (Flyball, 89XD, EV 116.9 MPH), Distance : 460 ft
Batting: LHB Morgan Black 0-0: Foul Ball, location: 2F
0-1: Fly out, F8 (Line Drive, 8LM, EV 97.5 MPH)
Pinch Hitting: LHB Tyler Davis 0-0: Called Strike
0-1: Ball
1-1: Ball
2-1: Ball
3-1: Swinging Strike
3-2: Fly out, F9 (Flyball, 9, EV 96.2 MPH)
Bottom of the 8th over - 1 run, 1 hit, 0 errors, 0 left on base; Cleveland 4 - Detroit 4
TOP OF THE 9TH
Cleveland Indians batting - Pitching for Detroit Tigers : RHP Josh Wollaston
Pitching: RHP Riso Profanter
Now at 3B: Danny Eberhart
Batting: LHB Jeff Taylor 0-0: Ball
1-0: Ball
2-0: Foul Ball, location: 2F
2-1: Ball
3-1: Fly out, F5 (Flyball, 5D, EV 89.4 MPH)
Batting: RHB Jesus Galvan 0-0: Ground out 5-3 (Groundball, 56, EV 82.5 MPH)
Batting: RHB Drtian Thaqi 0-0: Ball
1-0: Called Strike
1-1: Foul Ball, location: 2F
1-2: Fly out, F7 (Flyball, 78D, EV 91.9 MPH)
Top of the 9th over - 0 runs, 0 hits, 0 errors, 0 left on base; Cleveland 4 - Detroit 4
BOTTOM OF THE 9TH
Detroit Tigers batting - Pitching for Cleveland Indians : RHP Chris Anderson
Batting: LHB Emmanuel Gaskin 0-0: Called Strike
0-1: Fly out, F5 (Flyball, 5D, EV 88.8 MPH)
Batting: RHB Luke Feeney 0-0: Called Strike
0-1: Ground out 5-3 (Groundball, 5, EV 98.8 MPH)
Pinch Hitting: LHB Brad Turner 0-0: Ball
1-0: SINGLE (Groundball, 34D, EV 95.0 MPH)
Batting: RHB Greg Harman 0-0: Ball
1-0: Ball
2-0: Ball
3-0: Base on Balls
Brad Turner to second
Batting: RHB Victor Quinones 0-0: Ball
1-0: Called Strike
1-1: Swinging Strike
1-2: Strikes out looking
Bottom of the 9th over - 0 runs, 1 hit, 0 errors, 2 left on base; Cleveland 4 - Detroit 4
TOP OF THE 10TH
Cleveland Indians batting - Pitching for Detroit Tigers : RHP Riso Profanter
Now at 3B: Dave Reynolds
Now at SS: Danny Eberhart
Batting: RHB Ji-an Li 0-0: Called Strike
0-1: Foul Ball, location: 2F
0-2: Ground out 5-3 (Groundball, 56S, EV 90.6 MPH)
Batting: LHB Arvin Dungca 0-0: Ball
1-0: Foul Ball, location: 2F
1-1: Foul Ball, location: 2F
1-2: Ball
2-2: Strikes out looking
Batting: SHB Moe Lester 0-0: Called Strike
0-1: Foul Ball, location: 2F
0-2: Ball
1-2: Foul Ball, location: 2F
1-2: Ball
2-2: Foul Ball, location: 2F
2-2: Ball
3-2: Strikes out swinging
Top of the 10th over - 0 runs, 0 hits, 0 errors, 0 left on base; Cleveland 4 - Detroit 4
BOTTOM OF THE 10TH
Detroit Tigers batting - Pitching for Cleveland Indians : RHP Chris Anderson
Batting: RHB Randy Shrewsbury 0-0: Ball
1-0: Fly out, F4 (Line Drive, 4, EV 69.4 MPH)
Batting: SHB Phil Zacharia 0-0: Ball
1-0: Ball
2-0: Called Strike
2-1: Ball
3-1: Base on Balls
Batting: LHB Morgan Black 0-0: Called Strike
0-1: Ball
1-1: SINGLE (Groundball, 4MD, EV 95.0 MPH)
Phil Zacharia to second
Runner from 2nd tries for 3rd, SAFE, throw by CF made at trailing runner, OUT! 8-6
Batting: RHB Danny Eberhart 0-0: Called Strike
0-1: Foul Ball, location: 2F
0-2: SINGLE (Groundball, 6MD, EV 100.6 MPH)
Phil Zacharia scores
Bottom of the 10th over - 1 run, 2 hits, 0 errors, 0 left on base; Cleveland 4 - Detroit 5
Game Over ... Detroit defeats Cleveland, 5 to 4
Wednesday, June 22nd , 2022 - OOTP Baseball 23.4 Build 64